 Dungeon Crawl Stone Soup version 0.23-a0-726-g9fa1570 (console) character file.

170 Duffy the Chopper (level 5, -4/49 HPs)
             Began as a Naga Fighter on Jan 16, 2019.
             Killed from afar by an orc wizard (6 damage)
             ... with a magic dart
             ... on level 5 of the Dungeon.
             The game lasted 00:01:53 (414 turns).

Duffy the Chopper (Naga Fighter)                     Turns: 414, Time: 00:01:54

Health: -4/49      AC:  5    Str: 25    XL:     5   Next: 50%
Magic:  5/5        EV:  6    Int:  8    God:
Gold:   49         SH: 10    Dex: 10    Spells: 4/4 levels left

rFire    . . .     SeeInvis +   a - +0 war axe
rCold    . . .     Gourm    .   c - +0 shield
rNeg     . . .     Faith    .   b - +0 scale mail
rPois    +         Spirit   .   (no helmet)
rElec    .         Reflect  .   (no cloak)
rCorr    +         Harm     .   (no gloves)
MR       .....                  (no barding)
Stlth    ..........             e - amulet of regeneration
HPRegen  0.56/turn              j - ring of resist corrosion
MPRegen  0.09/turn              (no ring)

@: mighty, very slow
A: large, see invisible, deformed body, poison resistance, slowness 2, slow
metabolism 1, spit poison 1, AC +1
a: Spit Poison


You were on level 5 of the Dungeon.
You were not hungry.

You visited 1 branch of the dungeon, and saw 5 of its levels.

You collected 49 gold pieces.

Inventory:

Hand Weapons
 a - a +0 war axe (weapon)
Armour
 b - a +0 scale mail (worn)
 c - a +0 shield (worn)
Jewellery
 e - an amulet of regeneration (around neck)
 j - a ring of resist corrosion (left hand)
Scrolls
 h - a scroll of blinking {unknown}
 i - a scroll of identify {unknown}
Comestibles
 f - 3 rations
 g - 7 chunks of flesh


   Skills:
 - Level 3.0 Fighting
 + Level 4.1 Axes
 - Level 2.4 Armour
 + Level 3.9 Shields


You had 4 spell levels left.
You didn't know any spells.
Your spell library was empty.

Dungeon Overview and Level Annotations

Branches:
Dungeon (5/15)
 Temple: D:4-7

Altars:
Uskayaw

Annotations:
D:5 Dowan


Innate Abilities, Weirdness & Mutations

You cannot wear boots.
Your serpentine skin is tough. (AC +1)
You have supernaturally acute eyesight. (SInv)
Armour fits poorly on your strangely shaped body.
Your system is resistant to poisons. (rPois)
You cover ground very slowly.
You have a slow metabolism.
You can spit poison.


Message History

You barely miss the adder.
Dowan casts a spell.
Dowan blinks!
The adder bites you but does no damage. You block the adder's attack.
You slice the adder!!
You kill the adder!
Dowan says, "How can I live without her?"
You closely miss the ice beast. You block the ice beast's attack.
The ice beast hits you but does no damage.
You hit the ice beast.
The ice beast is lightly wounded.
Dowan says, "Magic will overcome all!"
You block the ice beast's attack.
Your shield and scale mail prevent you from hitting the ice beast.
The ice beast is lightly wounded.
Dowan casts a spell.
Dowan blinks!
The ice beast hits you. The ice beast freezes you!
The orc wizard points at you and mumbles some strange words.
The magic dart hits you!
You die... .......#..e. # ......#.... #. ......... #. ......o## #.. .0...0.# .. #oZ

..# #.#Y##..#
#..@)o#
..........#
............#
....###.$......
... ....##...#
.. ...... .###
. ####.### #
###


You could see an ice beast, Dowan, an orc wizard (invisible), an orc and a
howler monkey skeleton.

Vanquished Creatures
  Duvessa (D:5)
  An orc priest (D:5)
  An adder (D:5)
  An orc (D:4)
  A ball python (D:1)
  3 giant cockroaches
  3 goblins
  2 hobgoblins (D:2)
  2 jackals (D:1)
  A kobold (D:1)
  2 bats (D:1)
  13 rats
31 creatures vanquished.

Notes
Turn   | Place    | Note
-------+----------+-------------------------------------------
     0 | D:1      | Duffy the Naga Fighter began the quest for the Orb.
     0 | D:1      | Reached XP level 1. HP: 21/21 MP: 1/1
    41 | D:1      | Reached XP level 2. HP: 18/28 MP: 2/2
   268 | D:2      | Reached XP level 3. HP: 34/34 MP: 3/3
   363 | D:3      | Found a hide-covered altar of Uskayaw.
   372 | D:5      | Entered Level 5 of the Dungeon
   399 | D:5      | Noticed Duvessa
   399 | D:5      | Noticed Dowan
   401 | D:5      | Noticed an ice beast
   409 | D:5      | Killed Duvessa
   409 | D:5      | Reached skill level 3 in Axes
   409 | D:5      | Reached XP level 4. HP: 10/42 MP: 4/4
   409 | D:5      | Reached XP level 5. HP: 12/49 MP: 5/5
   410 | D:5      | Reached skill level 4 in Axes
   414 | D:5      | HP: 2/49 [ice beast (9)]
   414 | D:5      | Killed from afar by an orc wizard

Vault maps used:
D:1:      erik_arrival_orb_chamber, minmay_misc_feat_five
D:2:      marbit_many_paths, nicolae_qazlal_general_emergency
D:3:      overflow_temple_1_default, first_ration, bloody_trog
D:4:      elyvilon_altar_4, gammafunk_temple_overflow_arena,
          kennysheep_little_box, uniq_pikel, uniq_natasha
D:5:      lemuel_doored_altar, uniq_menkaure, uniq_duvessa,
          uniq_crazy_yiuf_cottage, uniq_eustachio

Skill      XL: |  1  2  3  4  5 |
---------------+----------------+-----
Shields        | 3 |  3.9
Axes           | 3 4 |  4.1
Fighting       | |  3.0
Armour         | |  2.4

Action                   |  1- 3 |  4- 6 || total
-------------------------+-------+-------++-------
Melee: War axe           |    83 |     5 ||    88
 Abil: Spit Poison       |     3 |       ||     3
  Use: Potion            |     1 |       ||     1
Armor: Scale mail        |    33 |     2 ||    35
Dodge: Dodged            |    21 |       ||    21
Block: Shield            |    50 |     4 ||    54

Table legend:
 A = Non-vault XP
 B = Vault XP
 C = Vault XP percentage of total XP
 D = Non-vault monster count
 E = Vault monster count
 F = Vault count percentage of total count
                 A         B        C        D         E       F
            +---------+---------+-------+---------+---------+-------
      Total |      84 |     159 |  65.4 |      18 |      13 |  41.9
            +---------+---------+-------+---------+---------+-------
        D:1 |      18 |      12 |  40.0 |      10 |      12 |  54.5
        D:2 |       4 |       0 |   0.0 |       2 |       0 |   0.0
        D:3 |       5 |       0 |   0.0 |       3 |       0 |   0.0
        D:4 |       3 |       0 |   0.0 |       1 |       0 |   0.0
        D:5 |      54 |     147 |  73.1 |       2 |       1 |  33.3
            +---------+---------+-------+---------+---------+-------
